 Dungeon Crawl Stone Soup version 0.30-a0-778-g2ef04afb54 (webtiles) character file.

Game seed: 10737209412039977502

394 BigDaddyOpFi the Digger (level 7, 0/50 HPs)
             Began as a Meteoran Earth Elementalist on Feb 16, 2023.
             Slain by an orc warrior
             ... wielding a +0 halberd
              (20 damage)
             ... on level 6 of the Dungeon.
             The game lasted 00:03:30 (1757 turns).

BigDaddyOpFi the Digger (MeEE)                      Turns: 1757, Time: 00:03:31

Health: 0/50       AC:  3    Str:  9    XL:     7   Next: 31%
Magic:  6/14       EV: 13    Int: 19    God:
Gold:   156        SH:  5    Dex: 15    Spells: 10/14 levels left

rFire   . . .      SeeInvis .    c - +0 flail
rCold   . . .      Faith    .    (no shield)
rNeg    . . .      Spirit   .    a - +0 robe
rPois   .          Reflect  +    (no helmet)
rElec   .          Harm     .    h - +0 cloak
rCorr   .          Rampage  .    (no gloves)
Will    .....                    (no boots)
Stlth   +                        g - amulet of reflection
HPRegen 0.28/turn                (no ring)
MPRegen 0.14/turn                (no ring)

@: glowing
A: sense surroundings 1, otherworldly, glowing, explore regen
a: no special abilities


You were on level 6 of the Dungeon.
You visited 1 branch of the dungeon, and saw 4 of its levels.

You collected 156 gold pieces.

Inventory:

Hand Weapons
 c - a +0 flail (weapon)
Armour
 a - a +0 robe (worn)
 h - a +0 cloak (worn)
Jewellery
 g - an amulet of reflection (around neck)
Scrolls
 i - a scroll of teleportation
 j - 3 scrolls of identify
 l - a scroll of poison
Potions
 e - a potion of mutation {unknown}
 f - a potion of curing
 k - a potion of brilliance {unknown}


   Skills:
 + Level 4.3 Dodging
 + Level 2.7 Stealth
 + Level 4.4 Spellcasting
 + Level 2.9 Conjurations
 - Level 2.0 Transmutations
 + Level 5.0 Earth Magic


You had 10 spell levels left.
You knew the following spells:

 Your Spells              Type           Power      Damage    Failure   Level
a - Sandblast             Erth           46%        2d11      1%          1
b - Stone Arrow           Conj/Erth      38%        3d9       8%          3

Your spell library contained the following spells:

 Spells                   Type           Power      Damage    Failure   Level
 Passwall                 Tmut/Erth      14%        N/A       4%          2
 Apportation              Tloc           8%         N/A       13%         1
 Necrotise                Necr           16%        1d4       13%         1
 Summon Small Mammal      Summ           16%        N/A       13%         1
 Petrify                  Tmut/Erth      17%        N/A       30%         4


Dungeon Overview and Level Annotations

Branches:
Dungeon (3/15) Zot: 601

Altars:


Innate Abilities, Weirdness & Mutations

You passively map a small area around you.
You are easily found by Zot.
You glow in the dark.
You regain HP and MP as you explore.


Message History

Confirm with . or Enter, or press ? or * to list all spells.
You don't know that spell.
Casting: Stone Arrow (dangerous; 8% risk of failure)
Confirm with . or Enter, or press ? or * to list all spells.
Aiming: Stone Arrow (dangerous; 8% risk of failure)
Press: ? - help, Shift-Dir - straight line, f - orc priest
Aim: an orc priest, wielding a +0 short sword and wearing a +0 leather armour (68% to hit)
The stone arrow misses the orc priest.
The orc priest begins to cast a cantrip, but forgets the words!
Casting: Stone Arrow (dangerous; 8% risk of failure)
Confirm with . or Enter, or press ? or * to list all spells.
Aiming: Stone Arrow (dangerous; 8% risk of failure)
Press: ? - help, Shift-Dir - straight line, f/p - orc priest
Aim: an orc priest, wielding a +0 short sword and wearing a +0 leather armour (68% to hit)
The stone arrow hits the orc priest!
The orc priest is almost dead.
The orc priest invokes the aid of Beogh against you.
Beogh smites you!
Casting: Stone Arrow (dangerous; 8% risk of failure)
Confirm with . or Enter, or press ? or * to list all spells.
Aiming: Stone Arrow (dangerous; 8% risk of failure)
Press: ? - help, Shift-Dir - straight line, f/p - orc priest
Aim: an orc priest, wielding a +0 short sword and wearing a +0 leather armour (almost dead, 68% to hit)
The stone arrow misses the orc priest.
You block the orc priest's attack.
You barely miss the orc priest.
The orc priest is almost dead.
The orc priest misses you. The orc hits you with a +0 short sword.
The orc warrior hits you from afar with a +0 halberd!
You hit the orc priest.
You kill the orc priest!
You block the orc's attack.
The orc warrior hits you from afar with a +0 halberd!
* * * LOW HITPOINT WARNING * * *
Things that are here:
a +0 short sword; a +0 leather armour
Okay, then.
It was a potion of curing.
You feel better. The orc hits you with a +0 short sword.
The orc warrior hits you from afar with a +0 halberd!!
You die...

##### #.#.#
#.#.#########
#...........######
###.#########.#...o#
#...# #o..##.# *
##.###
#.....o#####[# ,
...#
#......#.@oo.#** ,
####**
#......#.##### , ,
*#.....o#.* * * ** ,
#.....o#' , ,
......... , *
#####+#.###+#o.. *
........, ... , *
(........ ... , ,
......... ,


You could see an orc warrior and an orc.

Vanquished Creatures
  A sky beast (D:6)
  An ice beast (D:6)
  A scorpion (D:6)
  A hound (D:6)
  An orc priest (D:6)
  4 adders (D:2)
  A shadow imp (D:6)
  5 dart slugs
  4 ball pythons
  2 endoplasms (D:1)
  2 giant cockroaches
  2 goblins
  7 hobgoblins
  2 kobolds (D:1)
  5 bats
  7 frilled lizards
  3 rats
49 creatures vanquished.

Vanquished Creatures (others)
  4 toadstools (D:1)
4 creatures vanquished.

Grand Total: 53 creatures vanquished

Notes
Turn   | Place    | Note
-------+----------+-------------------------------------------
     0 | D:1      | BigDaddyOpFi the Meteoran Earth Elementalist began the
                  | quest for the Orb.
     0 | D:1      | Reached XP level 1. HP: 14/14 MP: 5/5
    62 | D:1      | Reached XP level 2. HP: 20/20 MP: 4/6
   240 | D:1      | Reached XP level 3. HP: 26/26 MP: 6/8
   484 | D:1      | Glimpsed the power of Zot.
   535 | D:2      | Reached skill level 4 in Earth Magic
   555 | D:2      | Reached XP level 4. HP: 32/33 MP: 5/9
   667 | D:2      | Learned a level 3 spell: Stone Arrow
   765 | D:2      | Found a faded altar of an unknown god.
   961 | D:2      | Reached skill level 1 in Conjurations
   961 | D:2      | Reached XP level 5. HP: 35/38 MP: 9/11
  1064 | D:2      | Glimpsed the power of Zot.
  1114 | D:2      | Glimpsed the power of Zot.
  1141 | D:3      | You fall into a shaft and drop 3 floors!
  1190 | D:6      | Noticed an ice beast
  1197 | D:6      | Killed an ice beast
  1198 | D:6      | Reached XP level 6. HP: 17/45 MP: 8/12
  1675 | D:6      | Noticed a sky beast
  1680 | D:6      | Killed a sky beast
  1681 | D:6      | Reached skill level 5 in Earth Magic
  1681 | D:6      | Reached XP level 7. HP: 50/50 MP: 5/14
  1757 | D:6      | Slain by an orc warrior

Illustrated notes

Levels and vault maps discovered:
D:1:      ldierk_walled_garden_2, layout_basic, serial_glass, glass_columns_a,
          glass_columns_a, glass_columns_a, glass_columns_b, glass_columns_a,
          glass_columns_a
D:2:      layout_basic, basic_ecumenical_altar, minmay_fractal_squares_gapless_5
D:3:      layout_loops_corners
D:6:      layout_basic, uniq_crazy_yiuf_cottage

Skill      XL: |  1  2  3  4  5  6 |
---------------+-------------------+-----
Spellcasting   | 3 4 |  4.4
Transmutations | 2 |  2.0
Earth Magic    | 4 5 |  5.0
Dodging        | 3 4 |  4.3
Stealth        | 2 |  2.7
Conjurations   | 1 2 |  2.9

Action                     |  1- 3 |  4- 6 |  7- 9 || total
---------------------------+-------+-------+-------++-------
  Melee: Flail             |       |    17 |     2 ||    19
   Cast: Sandblast         |    39 |    29 |       ||    68
         Stone Arrow       |       |     9 |     4 ||    13
    Use: Scroll            |       |     4 |       ||     4
         Potion            |       |     2 |     1 ||     3
 Armour: Robe              |     3 |    16 |       ||    19
  Dodge: Dodged            |     4 |    14 |     1 ||    19
  Block: Other             |     3 |    11 |     2 ||    16
         Reflection        |       |     1 |       ||     1

Table legend: (Time is in decaauts)
 A = Elapsed time spent in this place.
 B = Non-inter-level travel time spent in this place.
 C = Inter-level travel time spent in this place.
 D = Time resting spent in this place.
 E = Time spent auto-exploring this place.
 F = Levels seen in this place.
 G = Mean time per level.
                   A        B        C        D        E       F      G
               +--------+--------+--------+--------+--------+-----+--------+
         Total |   1797 |   1762 |     35 |    295 |    999 |   4 |  449.2 |
       Dungeon |   1797 |   1762 |     35 |    295 |    999 |   4 |  449.2 |
               +--------+--------+--------+--------+--------+-----+--------+

Top non-repeatable levels by time:
     D:2: 627 daAuts
     D:6: 620 daAuts
     D:1: 543 daAuts
     D:3: 5 daAuts
